 Dungeon Crawl Stone Soup version 0.25-a0-413-g3b4b6a4ccc (webtiles) character file.

Game seed: 11035443192677284711, levelgen mode: deterministic

0 MrRokkomies the Ducker (level 1, -6/11 HPs)
             Began as a Spriggan Abyssal Knight on Jan 17, 2020.
             Was a Follower of Lugonu.
             Mangled by a thrashing horror (7 damage)
             ... on level 1 of the Abyss.
             The game lasted 00:01:06 (227 turns).

MrRokkomies the Ducker (Spriggan Abyssal Knight)     Turns: 227, Time: 00:01:06

Health: -6/11      AC:  2    Str:  8    XL:     1   Next: 0%
Magic:  3/3        EV: 18    Int: 13    God:    Lugonu [*.....]
Gold:   0          SH:  0    Dex: 15    Spells: 0/0 levels left

rFire    . . .     SeeInvis +   a - +1 short sword
rCold    . . .     Gourm    .   (shield restricted)
rNeg     . . .     Faith    .   b - +0 robe
rPois    .         Spirit   .   (helmet restricted)
rElec    .         Reflect  .   (no cloak)
rCorr    .         Harm     .   (gloves unavailable)
MR       .....                  (boots unavailable)
Stlth    +.........             (no amulet)
HPRegen  0.00/turn              (no ring)
MPRegen  0.08/turn              (no ring)

@: non-regenerating, diseased, very quick
A: very small, unfitting armour, see invisible, herbivore, speed 3, slow
metabolism 2
a: Depart the Abyss, Renounce Religion


You were on level 1 of the Abyss.
You worshipped Lugonu.
Lugonu was aware of your devotion.
You were not hungry.

You visited 0 branches of the dungeon, and saw 0 of its levels.
You visited the Abyss 1 time.

Inventory:

Hand Weapons
 a - a +1 short sword (weapon)
Armour
 b - a +0 robe (worn)
Scrolls
 e - a scroll of identify {unknown}
Potions
 d - a potion of degeneration {unknown}
Comestibles
 c - a ration


   Skills:
 + Level 2.4 Fighting
 + Level 2.1 Short Blades
 + Level 3.5 Dodging
 + Level 1.7 Invocations


You couldn't memorise any spells.
You didn't know any spells.
Your spell library was empty.

Dungeon Overview and Level Annotations

Branches:
Dungeon (0/15)

Altars:


Innate Abilities, Weirdness & Mutations

You are very small and have problems with some larger weapons.
You are too small for most types of armour.
You have supernaturally acute eyesight. (SInv)
You are a herbivore.
You cover ground extremely quickly.
You need to consume almost no food.


Message History

A small abomination comes into view.
Found a scroll labeled IHI GITEMMIYC and a hand axe.
Found a scroll labeled CIRURE LOFAMO and a robe.
An ufetubus comes into view.
A queen bee comes into view.
A thrashing horror comes into view.
The thrashing horror roars!
Found 12 gold pieces.
The ufetubus misses you. The ufetubus completely misses you.
The thrashing horror completely misses you.
The thrashing horror misses you.
A water elemental comes into view.
The thrashing horror roars!
The ufetubus misses you. The ufetubus barely misses you.
The thrashing horror misses you.
The thrashing horror closely misses you.
The thrashing horror roars!
The thrashing horror tramples you!
Ouch! That really hurt!
You die...

... #≈≈...#.. ... ..
# . .... ≈≈#5##..##.
.# . . x# .
..#≈≈...#..##..#
....≈≈............ .
....≈≈........ . . .
... ≈.......##..##
...##≈7##...#..##...#
...##≈ ##.##......#
.....≈###...#@.....#
....≈≈.#y..5.X.##..#
....≈≈.........##.
....≈..#.....E.....
...7≈.###...#......#
$ 7y. ##.##..##..#
≈≈. ...#..# ... #7≈.
........ .# ≈≈
.........#


You could see a thrashing horror, a water elemental, a queen bee and 2 ufetubi.

Vanquished Creatures (others)
  2 starspawn tentacles (Abyss:1)
2 creatures vanquished.

Notes
Turn   | Place    | Note
-------+----------+-------------------------------------------
     0 | Abyss:1  | MrRokkomies the Spriggan Abyssal Knight began the quest for
                  | the Orb.
     0 | Abyss:1  | Reached XP level 1. HP: 11/11 MP: 3/3
    48 | Abyss:1  | Noticed a large abomination
    99 | Abyss:1  | Noticed a small abomination
   107 | Abyss:1  | Noticed a large abomination
   107 | Abyss:1  | Noticed a small abomination
   107 | Abyss:1  | Noticed a raiju
   107 | Abyss:1  | Noticed a starcursed mass
   107 | Abyss:1  | Noticed a tentacled starspawn
   107 | Abyss:1  | Noticed a quasit
   144 | Abyss:1  | Noticed a small abomination
   147 | Abyss:1  | Noticed an ancient zyme
   149 | Abyss:1  | Noticed a small abomination
   175 | Abyss:1  | Noticed an efreet
   178 | Abyss:1  | Noticed a chaos spawn
   180 | Abyss:1  | Noticed a tentacled starspawn
   190 | Abyss:1  | Noticed a neqoxec
   193 | Abyss:1  | Noticed an eye of draining
   194 | Abyss:1  | Noticed a small abomination
   195 | Abyss:1  | Noticed a crimson imp
   219 | Abyss:1  | Noticed a queen bee
   220 | Abyss:1  | Noticed a thrashing horror
   224 | Abyss:1  | Noticed a water elemental
   227 | Abyss:1  | Mangled by a thrashing horror

Levels and vault maps discovered:
Abyss:1:  due_exit_kobolds

Action                   || total
-------------------------++-------
Dodge: Dodged            ||    13

Table legend:
 A = Non-vault XP
 B = Vault XP
 C = Vault XP percentage of total XP
 D = Non-vault monster count
 E = Vault monster count
 F = Vault count percentage of total count
                 A         B        C        D         E       F
            +---------+---------+-------+---------+---------+-------
      Total |       0 |       0 |   N/A |       0 |       0 |  -nan
            +---------+---------+-------+---------+---------+-------
            +---------+---------+-------+---------+---------+-------
